 Dungeon Sprint DCSS version 0.24-a0-537-g2d01d4a (webtiles) character file.

Game seed: 13390041164508086807

124 silentkaos13 the Frost Mage (level 4, -9/24 HPs)
             Began as a Deep Elf Ice Elementalist on Aug 15, 2019.
             Killed from afar by a deep elf mage (25 damage)
             ... with a bolt of lightning
             ... in the Dungeon (Sprint III: "The Ten Rune Challenge").
             The game lasted 00:01:37 (430 turns).

silentkaos13 the Frost Mage (DEIE)                   Turns: 430, Time: 00:01:38

Health: -9/24      AC:  2    Str:  5    XL:     4   Next: 81%
Magic:  12/15      EV: 14    Int: 21    God:
Gold:   27         SH:  0    Dex: 15    Spells: 7/17 levels left

rFire    . . .     SeeInvis .   j - +0 short sword
rCold    . . .     Gourm    .   (no shield)
rNeg     . . .     Faith    .   a - +0 robe
rPois    .         Spirit   .   (no helmet)
rElec    .         Reflect  .   (no cloak)
rCorr    .         Harm     .   (no gloves)
MR       .....     NoTele   +   (no boots)
Stlth    +++.......             (no amulet)
HPRegen  0.08/turn              (no ring)
MPRegen  0.14/turn              (no ring)

@: no status effects
A: no striking features
a: no special abilities


You were in the Dungeon.
You were not hungry.

You visited 1 branch You collected 27 gold pieces.

Inventory:

Hand Weapons
 j - a +0 short sword (weapon)
Armour
 a - a +0 robe (worn)
Scrolls
 b - 3 scrolls of remove curse
 i - a scroll of blinking
 l - a scroll of immolation {unknown}
 m - 4 scrolls of identify
 o - a scroll of torment {unknown}
Potions
 d - a potion of curing
 e - a potion of heal wounds
 f - a potion of haste
 g - 2 potions of magic
 h - a potion of berserk rage
 k - 3 potions of mutation {unknown}
 n - a potion of brilliance {unknown}
 p - a potion of might {unknown}
 q - a potion of lignification {unknown}
Comestibles
 c - 3 rations


   Skills:
 + Level 0.9 Short Blades
 + Level 4.0 Dodging
 + Level 4.1 Stealth
 + Level 7.3 Spellcasting
 + Level 1.2 Conjurations
 + Level 8.4 Ice Magic


You had 7 spell levels left.
You knew the following spells:

 Your Spells              Type           Power        Failure   Level  Hunger
a - Freeze                Ice            ####         1%          1    None
b - Throw Frost           Conj/Ice       ####..       1%          2    None
c - Ozocubu's Armour      Chrm/Ice       ####....     4%          3    None
d - Summon Ice Beast      Ice/Summ       ####....     16%         4    ###....

Your spell library contained the following spells:

 Spells                   Type           Power        Failure   Level  Hunger
 Throw Icicle             Conj/Ice       ####....     12%         4    ###....


Dungeon Overview and Level Annotations

Branches:
Dungeon (1/1)

Altars:
Elyvilon
Zin
The Shining One


Message History

The deep elf mage hits you with a +1 long sword of holy wrath!
You closely miss the deep elf mage. The deep elf mage closely misses you.
You swap places.
The deep elf mage hits your ice beast with a +1 long sword of holy wrath.
Your ice beast hits the deep elf mage.
Your ice beast freezes the deep elf mage!
Your ice beast misses the deep elf mage.
The deep elf mage hits your ice beast with a +1 long sword of holy wrath.
There is an open door here.
Your ice beast barely misses the deep elf mage.
The deep elf mage hits your ice beast with a +1 long sword of holy wrath.
Your ice beast barely misses the deep elf mage.
The deep elf mage hits your ice beast with a +1 long sword of holy wrath.
Your ice beast misses the deep elf mage.
The deep elf mage gestures at you while chanting.
The bolt of lightning hits your ice beast!
Your ice beast dies!
The bolt of lightning misses you. The bolt of lightning hits you!!
Ouch! That really hurt!
You die...

▓▓▓▓ ▓▓▓ ...####
##.#####
......#####..#___#
.....†.#..#..#e..#
#.##...#..#..###@#+###+#
#.###..##'#..#..........
##.##..###...'.⌠........
..##..####...#...######+
..##..###....#.⌠.#
.##...##.....#...#
##....#.†....#+###
##..##.#.....# #..
####....#


You could see a deep elf mage.

Vanquished Creatures
  A water elemental (D)
  A scorpion (D)
  A human (D)
  An ooze (D)
  3 rats (D)
7 creatures vanquished.

Vanquished Creatures (others)
  2 draconian scorchers (D)
  A yaktaur (D)
  6 hellions (D)
9 creatures vanquished.

Grand Total: 16 creatures vanquished

Notes
Turn   | Place    | Note
-------+----------+-------------------------------------------
     0 | D        | silentkaos13 the Deep Elf Ice Elementalist began the quest
                  | for the Orb.
     0 | D        | Reached XP level 1. HP: 10/10 MP: 6/6
    11 | D        | Reached skill level 4 in Ice Magic
    62 | D        | Killed a hellion
    74 | D        | Killed a yaktaur
    85 | D        | Noticed a scorpion
    87 | D        | Killed a hellion
    88 | D        | Killed a hellion
    98 | D        | Reached skill level 5 in Ice Magic
    98 | D        | Reached XP level 2. HP: 7/15 MP: 0/9
   103 | D        | Killed a hellion
   143 | D        | Killed a hellion
   145 | D        | Killed a hellion
   156 | D        | Killed a white draconian scorcher
   254 | D        | Learned a level 2 spell: Throw Frost
   261 | D        | Killed a scorpion
   261 | D        | Reached skill level 7 in Ice Magic
   261 | D        | Reached XP level 3. HP: 18/19 MP: 2/12
   261 | D        | Reached XP level 4. HP: 23/24 MP: 2/14
   266 | D        | Learned a level 3 spell: Ozocubu's Armour
   271 | D        | Learned a level 4 spell: Summon Ice Beast
   305 | D        | Killed a white draconian scorcher
   349 | D        | Noticed a water elemental
   353 | D        | Killed a water elemental
   353 | D        | Reached skill level 8 in Ice Magic
   420 | D        | Found a glowing silver altar of Zin.
   420 | D        | Found a glowing golden altar of the Shining One.
   420 | D        | Found a white marble altar of Elyvilon.
   422 | D        | Noticed a deep elf mage
   430 | D        | Killed from afar by a deep elf mage

Levels and vault maps discovered:
D:        dungeon_sprint_mu [sprint_mu_entry_cave, sprint_mu_temple_rooms,
          sprint_mu_d1_horrors, sprint_mu_d2_genie, sprint_mu_d3_branching,
          sprint_mu_orc_legion, sprint_mu_elf_gauntlet, sprint_mu_hive_nellie,
          sprint_mu_lair_fedhas, sprint_mu_vaults_butterflies,
          sprint_mu_slime_circle, sprint_mu_swamp_cave, sprint_mu_snake_twists,
          sprint_mu_blade_basic, sprint_mu_crypt_lich, sprint_mu_tomb_spiral,
          sprint_mu_vestibule_basic, sprint_mu_gehenna_hellfire,
          sprint_mu_dis_giant, sprint_mu_tartarus_statrot,
          sprint_mu_cocytus_islands, sprint_mu_zot1]

Skill      XL: |  1  2  3  4 |
---------------+-------------+-----
Ice Magic      | 5 7 8 |  8.4
Dodging        | 3 4 |  4.0
Stealth        | 3 4 |  4.1
Spellcasting   | 4 6 7 |  7.3
Short Blades   | |  0.9
Conjurations   | |  1.2

Action                   |  1- 3 |  4- 6 || total
-------------------------+-------+-------++-------
Melee: Short sword       |     1 |     1 ||     2
 Cast: Freeze            |    13 |     4 ||    17
       Throw Frost       |     2 |       ||     2
       Summon Ice Beast  |       |     2 ||     2
Armor: Robe              |     1 |       ||     1
Dodge: Dodged            |     7 |     3 ||    10

Table legend:
 A = Non-vault XP
 B = Vault XP
 C = Vault XP percentage of total XP
 D = Non-vault monster count
 E = Vault monster count
 F = Vault count percentage of total count
                 A         B        C        D         E       F
            +---------+---------+-------+---------+---------+-------
      Total |       0 |     178 | 100.0 |       0 |       7 | 100.0
            +---------+---------+-------+---------+---------+-------
          D |       0 |     178 | 100.0 |       0 |       7 | 100.0
            +---------+---------+-------+---------+---------+-------
